 Dungeon Crawl Stone Soup version 0.20.1-1-g8b1a95d (console) character file.

294 hilaritas the Digger (level 6, -4/32 HPs)
             Began as a Deep Elf Earth Elementalist on Sept 2, 2017.
             Slain by ThePrince's ghost (14 damage)
             ... on level 4 of the Dungeon.
             The game lasted 00:07:22 (3308 turns).

hilaritas the Digger (Deep Elf Earth Elementalist)  Turns: 3308, Time: 00:07:23

Health: -4/32      AC:  2    Str:  6    XL:     6   Next: 11%
Magic:  0/12       EV: 13    Int: 21    God:
Gold:   197        SH:  0    Dex: 15    Spells: 2/11 levels left

rFire    . . .     SeeInvis .   i - +0 dagger
rCold    . . .     Gourm    .   (no shield)
rNeg     . . .     Faith    .   c - +0 robe
rPois    .         Spirit   .   (no helmet)
rElec    .         Reflect  .   (no cloak)
rCorr    .         Harm     .   (no gloves)
MR       .....                  (no boots)
Stlth    ++........             (no amulet)
Regen    0.1/turn               (no ring)
MPRegen  0.2/turn               (no ring)

@: no status effects
A: no striking features
a: no special abilities


You were on level 4 of the Dungeon.
You were not hungry.

You visited 1 branch of the dungeon, and saw 4 of its levels.

You collected 197 gold pieces.

Inventory:

Hand Weapons
 i - a +0 dagger (weapon)
Missiles
 b - 66 stones (quivered)
 g - 61 arrows
Armour
 c - a +0 robe (worn)
Jewellery
 m - an uncursed ring of magical power {unknown}
Scrolls
 a - a scroll of random uselessness {unknown}
 k - a scroll of enchant armour {unknown}
 n - a scroll of enchant weapon {unknown}
 o - a scroll of teleportation {unknown}
 q - 2 scrolls of noise {unknown}
 t - 2 scrolls of remove curse {unknown}
 u - a scroll of identify {unknown}
 v - a scroll of fear {unknown}
 w - a scroll of fog {unknown}
 y - 2 scrolls of immolation {unknown}
Potions
 h - 2 potions of heal wounds
 r - a potion of mutation {unknown}
 s - a potion of curing {unknown}
 x - 2 potions of flight {unknown}
Books
 e - a book of Geomancy

   Spells                             Type                      Level
   a - Sandblast                      Earth                        1
   b - Passwall                       Transmutation/Earth          2
   c - Stone Arrow                    Conjuration/Earth            3
   d - Petrify                        Transmutation/Earth          4
   e - Lee's Rapid Deconstruction     Earth                        5
 f - a book of Misfortune

   Spells                             Type                      Level
   a - Confusing Touch                Hexes                        1
   b - Confuse                        Hexes                        3
   c - Gell's Gravitas                Translocation                3
   d - Petrify                        Transmutation/Earth          4
   e - Metabolic Englaciation         Hexes/Ice                    5
   f - Yara's Violent Unravelling     Hexes/Transmutation          5
Comestibles
 d - a bread ration
 j - 2 royal jellies
 p - 6 fruits


   Skills:
 - Level 2.4 Dodging
 - Level 2.4 Stealth
 - Level 3.0 Spellcasting
 * Level 2.5 Conjurations
   Level 1.1 Transmutations
 + Level 7.0 Earth Magic


You had 2 spell levels left.
You knew the following spells:

 Your Spells              Type           Power        Failure   Level  Hunger
a - Sandblast             Erth           ####..       1%          1    None
b - Stone Arrow           Conj/Erth      ###...       5%          3    ###....
c - Lee's Rapid Deconstr  Erth           ####......   21%         5    ######.


Dungeon Overview and Level Annotations

Branches:
Dungeon (4/15)
 Temple: D:4-7

Altars:
The Shining One

Annotations:
D:4 ThePrince's ghost, amateur FoFi


Message History

ThePrince's ghost barely misses you.
You barely miss ThePrince's ghost.
ThePrince's ghost is moderately damaged.
ThePrince's ghost hits you.
You hit ThePrince's ghost but do no damage.
ThePrince's ghost is moderately damaged.
ThePrince's ghost misses you.
Casting: Sandblast
Confirm with . or Enter, or press ? or * to list all spells.
Aiming: Sandblast
Press: ? - help, Shift-Dir - straight line, f/p - ThePrince's ghost
Aim: ThePrince's ghost (moderately damaged)
The blast of sand hits ThePrince's ghost.
ThePrince's ghost is heavily damaged.
b - 66 stones ThePrince's ghost hits you!
You closely miss ThePrince's ghost.
ThePrince's ghost is heavily damaged.
ThePrince's ghost hits you!
You die...

##.......... ####........
#..?.......# ...>........
###..........#######..<..#.
.........................รท
#......).).# ######..#...
##.....([...# #...... #
#.)......).# ##...... #
##.#.......# ####....... #
##..#..####@# ##.......... #
##..###..# #W# #........... #
##..## ##..##.## #........### #
##..##...##..#..# ##........#
###..##..#..##..#.###..........#
#...## .#.#..
#.....#............ ..### #._.#.
###...#.......##### #...##
.#.#..##.....#.####....
###..##..#..##........# #.####


You could see ThePrince's ghost.

Vanquished Creatures
  An ogre (D:3)
  Terence (D:2)
  A worker ant (D:4)
  4 gnolls (D:2)
  3 adders (D:2)
  A howler monkey skeleton (D:4)
  4 worms
  3 dart slugs
  A leopard gecko (D:1)
  5 orcs (D:4)
  A ball python (D:1)
  9 bats
  4 giant cockroaches
  6 goblins
  7 hobgoblins
  A jackal (D:2)
  2 quokkas
  3 frilled lizards
  8 kobolds
  12 rats
77 creatures vanquished.

Notes
Turn   | Place    | Note
-------+----------+-------------------------------------------
     0 | D:1      | hilaritas the Deep Elf Earth Elementalist began the quest for the Orb.
     0 | D:1      | Reached XP level 1. HP: 10/10 MP: 6/6
   163 | D:1      | Reached XP level 2. HP: 15/15 MP: 5/8
   196 | D:1      | Reached skill level 4 in Earth Magic
  1094 | D:2      | Reached XP level 3. HP: 17/19 MP: 4/9
  1109 | D:2      | Learned a level 3 spell: Stone Arrow
  1182 | D:2      | Reached skill level 5 in Earth Magic
  1195 | D:2      | HP: 1/28 [gnoll/halberd (4)]
  1206 | D:2      | Reached XP level 4. HP: 24/24 MP: 0/10
  1348 | D:2      | Reached skill level 1 in Conjurations
  1570 | D:2      | Noticed Terence
  1575 | D:2      | Killed Terence
  1887 | D:2      | Reached XP level 5. HP: 28/28 MP: 8/11
  2156 | D:2      | Learned a level 5 spell: Lee's Rapid Deconstruction
  2239 | D:3      | Reached skill level 6 in Earth Magic
  2429 | D:3      | Noticed an ogre
  2432 | D:3      | Killed an ogre
  2839 | D:4      | Reached XP level 6. HP: 11/32 MP: 0/12
  3142 | D:4      | Found a glowing golden altar of the Shining One.
  3166 | D:4      | Reached skill level 7 in Earth Magic
  3276 | D:4      | Noticed ThePrince's ghost (amateur FoFi)
  3308 | D:4      | Slain by ThePrince's ghost

Skill      XL: |  1  2  3  4  5  6 |
---------------+-------------------+-----
Earth Magic    | 4 5 6 7 |  7.0
Conjurations   | 1 2 |  2.5
Dodging        | |  2.4
Stealth        | |  2.4
Spellcasting   | |  3.0
Transmutations | |  1.1

Action                   |  1- 3 |  4- 6 || total
-------------------------+-------+-------++-------
Melee: Dagger            |     4 |    27 ||    31
 Cast: Sandblast         |    40 |    69 ||   109
       Stone Arrow       |       |    15 ||    15
  Use: Potion            |     3 |     2 ||     5
  Eat: Chunk             |     1 |     7 ||     8
Armor: Robe              |     2 |     3 ||     5
       Skin              |    12 |     7 ||    19
Dodge: Dodged            |     7 |    26 ||    33
